AoeStats
← JAGR | Javi

Arena

510002701Analyzed
1v1 RM · 3d ago on Sep 29, 2026· 63m 34s· 2 players
Game mode
Random Map
Map size
Tiny (2 player)
Population
200
Speed
Normal
Resources
Standard
Victory
Conquest
Starting age
Dark Age
Ending age
Imperial Age
RankedLock teamsTeams togetherTeam positionsShared explorationLock speedFull tech treeHidden civsTurbo modeCheats
Victory
Defeat
🇵🇪 Italians · Peru
1126
+18
🇨🇿 Japanese · Czechia
1162
-18
JAGR | Javi
10:38 Feudal Age
9:53 Loom
14:11 Castle Age
12:20 Double-Bit Axe
21:07 Wheelbarrow
21:15 Fortified Wall
23:29 Bow Saw
23:36 Gold Mining
26:15 Town Watch
29:20 Hand Cart
33:42 Imperial Age
32:29 Padded Archer Armor
33:35 Leather Archer Armor
35:24 Chemistry
35:00 Ring Archer Armor
35:13 Conscription
35:11 Fletching
direct23
10:41 Feudal Age
14:28 Castle Age
12:30 Double-Bit Axe
13:05 Horse Collar
16:36 Scale Mail Armor
20:48 Loom
26:55 Wheelbarrow
32:25 Imperial Age
30:13 Arson
31:26 Forging
32:32 Elite Samurai
32:44 Capped Ram
33:41 Gold Mining
34:30 Chain Mail Armor
45:02 Onager
57:00 Light Cavalry
57:51 Bloodlines
57:41 Husbandry
62:49 Scale Barding Armor
63:17 Conscription
Connection lost

Rejoining the realm…

Still unreachable

The connection could not be restored.

Session expired

The server has moved on; the page needs a fresh start.